 Dungeon Sprint DCSS version 0.22.0-18-ge075c0d (webtiles) character file.

0 poirepourri the Chopper (level 1, 0/19 HPs)
             Began as a Minotaur Fighter on Aug 18, 2018.
             Was an Initiate of Gozag.
             Slain by an iguana (11 damage)
             ... in the Dungeon (Sprint VI: "Thunderdome").
             The game lasted 00:00:49 (69 turns).

poirepourri the Chopper (Minotaur Fighter)            Turns: 69, Time: 00:00:50

Health: 0/19       AC:  6    Str: 20    XL:     1   Next: 83%
Magic:  0/0        EV:  7    Int: 12    God:    Gozag
Gold:   20         SH:  9    Dex: 12    Spells: 0/0 levels left

rFire    + . .     SeeInvis +   a - +0 war axe
rCold    x . .     Gourm    +   c - +0 shield
rNeg     + + +     Faith    .   b - +0 scale mail
rPois    +         Spirit   .   (helmet restricted)
rElec    .         Reflect  .   (no cloak)
rCorr    .         Harm     .   (no gloves)
MR       ++++.     NoTele   +   (no boots)
Stlth    ..........             s - amulet "Poago" {Gourm rN+ MR+ Int+2 Dex+3}
HPRegen  0.06/turn              q - ring "Sosum" {rF+ rC- Int+8}
MPRegen  0.07/turn              p - ring "Quixkos" {rPois rN+++ MR+++ Int-3 SInv}

@: no status effects
A: retaliatory headbutt, horns 2
a: Potion Petition, Call Merchant, Bribe Branch, Renounce Religion


You were in the Dungeon.
You worshipped Gozag.
Gozag was noncommittal.
You were not hungry.

You visited 1 branch You collected 200 gold pieces.
You spent 180 gold pieces at shops.

Inventory:

Hand Weapons
 a - a +0 war axe (weapon)
Armour
 b - a +0 scale mail (worn)
 c - a +0 shield (worn)
Jewellery
 p - the ring "Quixkos" (right hand) {rPois rN+++ MR+++ Int-3 SInv}
   (You bought it in a shop in the Dungeon)

   [ring of poison resistance]

   It affects your intelligence (-3).
   It protects you from poison.
   It renders you almost immune to negative energy.
   It affects your resistance to hostile enchantments.
   It lets you see invisible.
 q - the ring "Sosum" (left hand) {rF+ rC- Int+8}
   (You bought it in a shop in the Dungeon)

   [ring of protection from fire]

   It affects your intelligence (+8).
   It protects you from fire.
   It makes you vulnerable to cold.
 s - the amulet "Poago" (around neck) {Gourm rN+ MR+ Int+2 Dex+3}
   (You bought it in a shop in the Dungeon)

   [amulet of the gourmand]

   It allows you to eat raw meat even when not hungry.
   It affects your intelligence (+2).
   It affects your dexterity (+3).
   It protects you from negative energy.
   It affects your resistance to hostile enchantments.
Wands
 m - a wand of acid (5)
 n - a wand of iceblast (5)
Scrolls
 k - 4 scrolls of blinking
 o - 3 scrolls of fog
Potions
 d - a potion of might
 e - a potion of curing
 g - 4 potions of heal wounds
 h - 4 potions of haste
 i - 2 potions of magic
 j - a potion of berserk rage
 l - a potion of resistance
Comestibles
 f - a ration


   Skills:
 - Level 3.6 Fighting
 + Level 5.1 Axes
 - Level 3.6 Armour
 - Level 3.6 Shields


You couldn't memorise any spells.
You didn't know any spells.
Your spell library was empty.

Dungeon Overview and Level Annotations

Branches:
Dungeon (1/1)

Altars:
Cheibriados
Dithmenos
Fedhas
Gozag
Kikubaaqudgha
Makhleb
Okawaru
Qazlal
Ru
Sif Muna
Trog
Uskayaw
Vehumet
Wu Jian
Xom
Yredelemnul
Zin
The Shining One
Beogh
Jiyva
Lugonu

Shops:
D *[%??*?*:[((!!!!


Innate Abilities, Weirdness & Mutations

You reflexively headbutt those who attack you in melee.
You have a pair of horns on your head.


Message History

Found a shimmering altar of Xom.
Found a deep blue altar of Sif Muna.
Found an opulent altar of Gozag.
Found Yrremn's Staff Store and Ukul's Magic Scroll Shop.
Found a radiant altar of Vehumet.
Found Soukag's Must-Have Magic and Ximmias's Magic Scroll Shop.
There is a shimmering altar of Xom here.
There is a deep blue altar of Sif Muna here.
There is an opulent altar of Gozag here.
You kneel at the altar of Gozag.
Gozag welcomes you!
Gozag waives the service fee.
Gozag offers you a free set of potion effects!
You hit the iguana but do no damage. You block the iguana's attack.
You hit the iguana.
The iguana is moderately wounded.
The iguana bites you!
Ouch! That really hurt!
You die...
Your body crumbles into a pile of gold.

#### ##⌠⌠⌠# #..... ##.....##
##∩.....∩## #∩.......∩#
#_.......@# #_.......l#
#_......._# ###.........###
#⌠...........⌠#
######.8.........8.######
#∩__.......###......___∩##
∩........8.# #.8........∩###
...........###.............#


You could see an iguana.

Vanquished Creatures
  2 worms (D)
2 creatures vanquished.

Notes
Turn   | Place    | Note
-------+----------+-------------------------------------------
     0 | D        | poirepourri the Minotaur Fighter began the quest for the Orb.
     0 | D        | Reached XP level 1. HP: 19/19 MP: 0/0
     4 | D        | Found a burning altar of Makhleb.
     5 | D        | Found a glowing silver altar of Zin.
     5 | D        | Found a shadowy altar of Dithmenos.
     5 | D        | Round 1.
     6 | D        | Found an iron altar of Okawaru.
     7 | D        | Found Joqoqaaj's Delicious Food.
     7 | D        | Found a roughly hewn altar of Beogh.
     7 | D        | Found a snail-covered altar of Cheibriados.
     7 | D        | Found Xirutt's Identification Station.
     8 | D        | Found Nynec's Jewellery.
     8 | D        | Found Kinloish's Advanced Armour.
    16 | D        | Bought a faintly glowing lapis lazuli ring for 45 gold pieces
    16 | D        | Bought a fine bronze ring for 45 gold pieces
    16 | D        | Bought a scintillating bronze amulet for 45 gold pieces
    16 | D        | Identified the ring "Sosum" {rF+ rC- Int+8} (You bought it in a shop in the Dungeon)
    17 | D        | Identified the ring "Quixkos" {rPois rN+++ MR+++ Int-3 SInv} (You bought it in a shop in the Dungeon)
    18 | D        | Identified the amulet of Eseguv {Inacc rElec} (You bought it in a shop in the Dungeon)
    19 | D        | Bought a heavily runed emerald amulet for 45 gold pieces
    20 | D        | Identified the amulet "Poago" {Gourm rN+ MR+ Int+2 Dex+3} (You bought it in a shop in the Dungeon)
    27 | D        | Found a blossoming altar of Fedhas.
    31 | D        | Found an ornate altar of the Wu Jian Council.
    32 | D        | Found a bloodstained altar of Trog.
    32 | D        | Found Oraosaar's Premium Goods.
    33 | D        | Found Waoge's Miscellaneous Merchandise.
    33 | D        | Found Lopuwolo's Basic Armour.
    34 | D        | Found a glowing golden altar of the Shining One.
    34 | D        | Found a stormy altar of Qazlal.
    34 | D        | Found Bopracwa's Weapon Rack.
    38 | D        | Found a basalt altar of Yredelemnul.
    39 | D        | Found an ancient bone altar of Kikubaaqudgha.
    40 | D        | Found a corrupted altar of Lugonu.
    41 | D        | Found Fuosinog's Do-It-Yourself Clinic.
    42 | D        | Found Serapp's Bottled Wisdom.
    42 | D        | Found Ceuprawate's Distillery.
    42 | D        | Found a hide-covered altar of Uskayaw.
    42 | D        | Found a sacrificial altar of Ru.
    42 | D        | Found a viscous altar of Jiyva.
    42 | D        | Found Biskic's Distillery.
    46 | D        | Reached skill level 4 in Axes
    52 | D        | Noticed an iguana
    53 | D        | Reached skill level 5 in Axes
    57 | D        | Found a shimmering altar of Xom.
    58 | D        | Found a deep blue altar of Sif Muna.
    59 | D        | Found an opulent altar of Gozag.
    60 | D        | Found a radiant altar of Vehumet.
    60 | D        | Found Yrremn's Staff Store.
    60 | D        | Found Ukul's Magic Scroll Shop.
    61 | D        | Found Soukag's Must-Have Magic.
    61 | D        | Found Ximmias's Magic Scroll Shop.
    67 | D        | Became a worshipper of Gozag Ym Sagoz the Greedy
    69 | D        | Slain by an iguana

Skill      XL: |  1 |
---------------+----+-----
Axes           | 5 |  5.1
Fighting       | |  3.6
Armour         | |  3.6
Shields        | |  3.6

Action                   || total
-------------------------++-------
Melee: War axe           ||     8
       Headbutt          ||     2
Armor: Scale mail        ||     2
Block: Shield            ||     3
